Map: Eternal Empire LE

Players

MikeHawk

  • Race: Terran Terran
  • League: Master
  • Spawn Location: 1:00

Cheater 1 (Insane) - Winner!

  • Race: Terran Terran
  • Spawn Location: 7:00

VOD

Have the link to the VOD?

Description

Time

  • Played on: Dec. 18, 2019, 4:19 p.m.
  • Length: 2:01
Show
View Real Time Build Order
Export as new Build Order

MikeHawk Terran 

Build Orders:  

Get SALT Encoding   

Show
View Real Time Build Order
Export as new Build Order

Cheater 1 (Insane) Terran - Winner!

Build Orders:  

Get SALT Encoding   

  12  0:00  SCV  
  13  0:13  SCV  
  14  0:18  Supply Depot  
  14  0:25  SCV  
  15  0:40  SCV  
  16  0:46  Refinery  
  16  0:48  Barracks  
  16  0:52  SCV  
  17  1:04  SCV  
  18  1:14  Command Center  
  18  1:16  SCV  
  19  1:24  Supply Depot  
  19  1:28  SCV  
  20  1:36  Marine  
  21  1:41  Factory  
  21  1:51  Barracks  
Tags
 
Add a new tag
Caveats
  • Supply blocks, unpowered buildings, or Contaminate may cause inaccurate times.
  • Supply counts are checked every 10 seconds.